 Dungeon Crawl Stone Soup version 0.28.0-43-g3370ac3207 (webtiles) character file.

Game seed: 12156921409907552631

323 demenzo the Poker (level 6, -2/37 HPs)
             Began as a Tengu Gladiator on Mar 28, 2022.
             Slain by Crazy Yiuf
             ... wielding a +3 quarterstaff of chaos
              (14 damage)
             ... on level 3 of the Dungeon.
             The game lasted 00:05:06 (3417 turns).

demenzo the Poker (Tengu Gladiator)                 Turns: 3417, Time: 00:05:07

Health: -2/37      AC:  7    Str: 16    XL:     6   Next: 47%
Magic:  3/7        EV: 13    Int:  8    God:
Gold:   75         SH:  0    Dex: 16    Spells: 5/5 levels left

rFire   . . .      SeeInvis .   a - +1 trident (vorpal)
rCold   . . .      Faith    .   (no shield)
rNeg    . . .      Spirit   .   p - +0 scale mail
rPois   .          Reflect  .   c - +0 hat
rElec   .          Harm     .   l - +0 cloak
rCorr   .          Rampage  .   (no gloves)
Will    .....                   (boots unavailable)
Stlth   ..........              (no amulet)
HPRegen 0.12/turn               (no ring)
MPRegen 0.10/turn               (no ring)

@: confused, flying quickly and evasively, quick
A: beak, talons 3, nimble flight
a: no special abilities


You were on level 3 of the Dungeon.
You visited 1 branch of the dungeon, and saw 3 of its levels.

You collected 183 gold pieces.
You spent 108 gold pieces at shops.

Inventory:

Hand Weapons
 a - a +1 vorpal trident (weapon)
 o - the +3 whip of the Many Knives {flame, +Blink rElec rC+ Str+2}
   (You found it on level 2 of the Dungeon)

   It burns those it strikes, dealing additional fire damage.
   Str:       It affects your strength (+2).
   rC:        It protects you from cold.
   rElec:     It insulates you from electricity.
   +Blink:    It lets you blink.
 q - a +2 dagger of venom
 u - a +0 trident
Missiles
 d - a throwing net
 e - 137 stones (quivered)
Armour
 b - a +0 leather armour
 c - a +0 hat (worn)
 l - a +0 cloak (worn)
 p - a +0 scale mail (worn)
Wands
 s - a wand of charming (8)
Scrolls
 k - a scroll of amnesia {unknown}
 m - a scroll of fog {unknown}
 n - 2 scrolls of identify {unknown}
Potions
 f - a potion of might {unknown}
 g - 3 potions of haste
 h - 2 potions of lignification {unknown}
 i - 2 potions of mutation {unknown}
 j - 3 potions of heal wounds {unknown}
 r - a potion of curing {unknown}
 t - a potion of flight {unknown}
 v - a potion of brilliance {unknown}


   Skills:
 + Level 3.3 Fighting
 * Level 5.5 Polearms
 - Level 2.0 Throwing
 + Level 2.7 Armour
 + Level 4.5 Dodging


You had 5 spell levels left.
You didn't know any spells.
Your spell library was empty.

Dungeon Overview and Level Annotations

Branches:
Dungeon (3/15)

Altars:
Makhleb

Shops:
D:2 *?[((

Annotations:
D:3 Crazy Yiuf


Innate Abilities, Weirdness & Mutations

You have a beak for a mouth.
You have claws for feet.
Your magical nature lets you fly swiftly and evasively.


Message History

Items here: )))) [ รทรทรทรท.
Crazy Yiuf shouts!
Failed to move towards target.
Could not explore, unopened runed door.
Could not explore, unopened runed door.
Failed to move towards target.
Failed to move towards target.
Could not explore, unopened runed door.
Failed to move towards target.
Could not explore, unopened runed door.
Failed to move towards target.
You reach down and open the door.
Crazy Yiuf drinks a potion.
Crazy Yiuf seems to speed up.
You reach to attack!
You hit Crazy Yiuf.
Crazy Yiuf is lightly wounded.
You barely miss Crazy Yiuf. You claw Crazy Yiuf.
You peck Crazy Yiuf, but do no damage.
Crazy Yiuf is heavily wounded.
Crazy Yiuf grits, "Paint meccalolo pontify!"
Crazy Yiuf hits you with a +3 quarterstaff of chaos.
You are confused.
Crazy Yiuf hits you with a +3 quarterstaff of chaos!
Crazy Yiuf freezes you.
You are too confused!
Unknown command.
You are too confused!
Unknown command.
You bump into the rock wall.
Crazy Yiuf closely misses you.
Unknown command.
You bump into the rock wall.
Crazy Yiuf hits you with a +3 quarterstaff of chaos!
* * * LOW HITPOINT WARNING * * *
You feel your power leaking away.
Crazy Yiuf sings, "Trees, trees, trees, circus!"
Crazy Yiuf closely misses you.
Unknown command.
You bump into the rock wall.
Crazy Yiuf twirls on the spot.
Crazy Yiuf hits you with a +3 quarterstaff of chaos!
You die...

..........#
..........#
#.........#
#.......### #.......#
#.......#######
#...........#.### ###
#............#..##...#
#...........####@g...#
...........## ###..)#
############ ###


You could see Crazy Yiuf (fast).

Vanquished Creatures
  Ijyb (D:3)
  3 iron imps (D:3)
  Jessica (D:3)
  Robin (D:1)
  6 adders
  6 worms
  6 dart slugs
  An orc (D:3)
  8 endoplasms
  14 goblins
  7 hobgoblins
  7 jackals
  9 kobolds
  4 quokkas
  8 ball pythons
  4 bats
  3 frilled lizards
  3 rats (D:1)
92 creatures vanquished.

Notes
Turn   | Place    | Note
-------+----------+-------------------------------------------
     0 | D:1      | demenzo the Tengu Gladiator began the quest for the Orb.
     0 | D:1      | Reached XP level 1. HP: 12/12 MP: 2/2
    95 | D:1      | Reached XP level 2. HP: 5/17 MP: 3/3
   554 | D:1      | Reached skill level 1 in Armour
   638 | D:1      | Reached XP level 3. HP: 21/21 MP: 4/4
  1029 | D:2      | Found Nuitewet's Weapon Shop.
  1036 | D:2      | Reached skill level 4 in Polearms
  1305 | D:2      | Found Liumac's Armour Boutique.
  1313 | D:2      | Bought a +0 buckler for 45 gold pieces
  1321 | D:2      | Found Dusam's Antique Weapon Shop.
  1453 | D:2      | Reached XP level 4. HP: 27/27 MP: 5/5
  1484 | D:2      | Identified the +3 whip of the Many Knives {flame, +Blink
                  | rElec rC+ Str+2}
  1526 | D:2      | Found Assuhuih's Magic Scroll Shop.
  1883 | D:2      | Found Ziereis's Assorted Antiques.
  1885 | D:2      | Noticed Robin
  2223 | D:1      | Killed Robin
  2406 | D:2      | Bought a fizzy yellow potion for 20 gold pieces
  2406 | D:2      | Bought a scroll labelled DUUKUIRYTO for 23 gold pieces
  2406 | D:2      | Bought a green potion for 20 gold pieces
  2479 | D:3      | Noticed Ijyb
  2492 | D:3      | Killed Ijyb
  2493 | D:3      | Gained mutation: Your magical nature lets you fly swiftly
                  | and evasively. [Tengu growth]
  2493 | D:3      | Reached XP level 5. HP: 23/32 MP: 6/6
  2780 | D:3      | Found a burning altar of Makhleb.
  2791 | D:3      | Reached skill level 5 in Polearms
  2809 | D:3      | Reached XP level 6. HP: 26/37 MP: 7/7
  3049 | D:3      | Noticed Jessica
  3055 | D:3      | Killed Jessica
  3239 | D:3      | Found a faded altar of an unknown god.
  3264 | D:3      | Found a runed translucent door.
  3265 | D:3      | Noticed Crazy Yiuf
  3417 | D:3      | Slain by Crazy Yiuf

Illustrated notes

Levels and vault maps discovered:
D:1:      saegor_arrival_simple_d, layout_basic, minmay_vboxes
D:2:      minmay_chambers_of_twos, layout_basic, serial_shops, shop,
          nicolae_shop_advertising_works [nicolae_subvault_shop_adworks],
          nicolae_shop_bloodbath_and_beyond, nicolae_square_shop, shop,
          uniq_robin
D:3:      layout_basic, demons_altar, shapermc_ecumenical_altar_starsandcircs,
          nicolae_wormholes, uniq_jessica, uniq_crazy_yiuf_cottage, uniq_ijyb

Skill      XL: |  1  2  3  4  5 |
---------------+----------------+-----
Armour         | 1 2 |  2.7
Polearms       | 4 5 |  5.5
Dodging        | 4 |  4.5
Fighting       | 3 |  3.3
Throwing       | |  2.0

Action                   |  1- 3 |  4- 6 || total
-------------------------+-------+-------++-------
Melee: Trident           |    83 |   104 ||   187
       Kick              |    11 |    39 ||    50
       Peck              |     7 |    23 ||    30
       Punch             |     1 |     2 ||     3
       Dagger            |       |    31 ||    31
Throw: Throwing net      |     2 |       ||     2
       Stone             |       |     3 ||     3
 Stab: Sleeping          |     3 |       ||     3
Armor: Leather armour    |    12 |     4 ||    16
       Scale mail        |       |    43 ||    43
Dodge: Dodged            |    36 |    62 ||    98
